[Event "January 2 Early 2024"]
[Site "https://www.chess.com"]
[Date "2024.01.02"]
[Round "3"]
[White "Gutierrez Olivares, Daniel"]
[Black "Rohith Krishna S"]
[Result "0-1"]
[Board "79"]
[TimeControl "180+1"]
[WhiteFideId "2264005"]
[BlackFideId "46617051"]
[WhiteElo "2477"]
[BlackElo "2854"]
[WhiteTeam "ESP"]
[BlackTeam "IND"]
[WhiteClock "0:00:20"]
[BlackClock "0:00:18"]

1. Nf3 b6 2. g3 Bb7 3. Bg2 e5 4. d3 d6 5. e4 Nd7 6. Nc3 g6 7. Bg5 f6 8. Bd2 Bg7 9. d4 Ne7 10. Qe2 O-O 11. h4 h5 12. O-O-O a5 13. Bh3 a4 14. a3 b5 15. Qxb5 Nb6 16. Be6+ Kh8 17. dxe5 fxe5 18. Qe2 Nc6 19. Bg5 Qe8 20. Ba2 Nd4 21. Nxd4 exd4 22. Nb5 Ba6 23. Nxc7 Bxe2 24. Nxe8 Raxe8 25. Rd2 Bf3 26. Re1 Rxe4 27. Rxe4 Bxe4 28. Be7 Rf3 29. Bxd6 Bh6 30. Bf4 Rxf4 31. gxf4 Bxf4 32. Kd1 Bxd2 33. Kxd2 Kg7 34. c3 dxc3+ 35. Kxc3 Kf6 36. Kb4 Ke5 37. Bf7 Bc2 38. b3 axb3 39. Bxb3 Bxb3 40. Kxb3 Kd5 41. Kb4 Nc4 42. a4 Nd6 43. a5 Kc6 44. f3 Nf5 45. Kc4 Nxh4 46. f4 Nf5 47. Kd3 h4 48. Ke4 Kb5 0-1

[Event "January 2 Early 2024"]
[Site "https://www.chess.com"]
[Date "2024.01.02"]
[Round "3"]
[White "Ilamparthi A R"]
[Black "Spitzl, Vinzent"]
[Result "0-1"]
[Board "80"]
[TimeControl "180+1"]
[WhiteFideId "45015775"]
[BlackFideId "12901253"]
[WhiteElo "2838"]
[BlackElo "2473"]
[WhiteTeam "IND"]
[BlackTeam "GER"]
[WhiteClock "0:00:15"]
[BlackClock "0:00:55"]

1. d4 d5 2. Nf3 Nf6 3. Bf4 c5 4. e3 Nc6 5. Nbd2 Bf5 6. c3 Qb6 7. Qb3 c4 8. Qxb6 axb6 9. a3 h6 10. h3 e6 11. Be2 Be7 12. O-O O-O 13. Ne5 Nxe5 14. Bxe5 Ne4 15. Nxe4 Bxe4 16. f3 Bg6 17. e4 b5 18. exd5 exd5 19. Rae1 Rfe8 20. g3 Rad8 21. Bd1 f6 22. Bc7 Rc8 23. Ba5 Bd6 24. Kf2 Rxe1 25. Rxe1 Re8 26. Rxe8+ Bxe8 27. f4 Kf7 28. Bg4 Ke7 29. Bf3 Ke6 30. f5+ Kxf5 31. Bxd5 Bc6 32. Bxc6 bxc6 33. Bb4 Bxb4 34. axb4 Ke4 35. Ke2 f5 36. h4 g6 37. Kf2 f4 38. g4 g5 39. hxg5 hxg5 40. Ke2 f3+ 0-1

[Event "January 2 Early 2024"]
[Site "https://www.chess.com"]
[Date "2024.01.02"]
[Round "3"]
[White "Narayanan, Srinath"]
[Black "Brankovic, Dejan"]
[Result "1-0"]
[Board "81"]
[TimeControl "180+1"]
[WhiteFideId "5018420"]
[BlackFideId "921602"]
[WhiteElo "2819"]
[BlackElo "2472"]
[WhiteTeam "IND"]
[BlackTeam "SRB"]
[WhiteClock "0:00:17"]
[BlackClock "0:00:10"]

1. d4 Nf6 2. Nf3 g6 3. Bf4 Bg7 4. e3 d6 5. h3 O-O 6. Bh2 Nc6 7. Be2 Qe8 8. O-O e5 9. Nc3 a6 10. dxe5 dxe5 11. Nd5 Nxd5 12. Qxd5 Be6 13. Qc5 f6 14. Rfd1 Qe7 15. Qxe7 Nxe7 16. Nd2 Rfd8 17. Ne4 b6 18. Rxd8+ Rxd8 19. Bxa6 Ra8 20. Bd3 c5 21. a3 h6 22. Nd6 Rd8 23. Nb5 c4 24. Bf1 Rd2 25. Rc1 f5 26. e4 f4 27. a4 g5 28. f3 Nc6 29. Na3 Na5 30. Kh1 Bf8 31. Bg1 Rd6 32. Nb5 Rc6 33. Rd1 h5 34. Rd8 Kf7 35. Rb8 Bc5 36. Bxc5 bxc5 37. Ra8 c3 38. Rxa5 cxb2 39. Nc3 Rb6 40. Rb5 Rxb5 41. Bxb5 Ba2 42. a5 b1=Q+ 43. Nxb1 Bxb1 44. a6 Bxc2 45. a7 1-0

[Event "January 2 Early 2024"]
[Site "https://www.chess.com"]
[Date "2024.01.02"]
[Round "3"]
[White "Nadeev, Sergey"]
[Black "Bordi, Kevin"]
[Result "0-1"]
[Board "82"]
[TimeControl "180+1"]
[WhiteFideId "4180038"]
[BlackFideId "621862"]
[WhiteElo "2470"]
[BlackElo "2808"]
[WhiteTeam "RUS"]
[BlackTeam "MNC"]
[WhiteClock "0:00:00"]
[BlackClock "0:00:12"]

1. e4 d5 2. exd5 Qxd5 3. Nc3 Qa5 4. d4 Nf6 5. Nf3 Nc6 6. Bb5 Ne4 7. O-O Nxc3 8. Bxc6+ bxc6 9. Qd2 Bg4 10. Qxc3 Qxc3 11. bxc3 Bxf3 12. gxf3 e6 13. Rb1 Kd7 14. Be3 Bd6 15. c4 c5 16. dxc5 Be7 17. Rfd1+ Kc6 18. Kf1 Rhd8 19. Rd3 Bxc5 20. Ke2 Rd6 21. Rb5 Bb6 22. Rh5 h6 23. c5 Rxd3 24. cxd3 Ba5 25. Rh4 Rb8 26. Ra4 Rb2+ 27. Kf1 Kb5 28. Rd4 Rxa2 29. Rd7 Kc6 30. Rxf7 Bc3 31. Re7 e5 32. Rxg7 a5 33. Rg6+ Kb5 34. Rg7 a4 35. Rxc7 a3 36. Rb7+ Kc6 37. Rb6+ Kc7 38. Ra6 Bb4 39. Ra7+ Kc6 40. Ra6+ Kc7 41. Ra7+ Kc8 42. c6 Rc2 43. Ra6 Kc7 44. Kg2 Rxc6 45. Ra4 Bd6 46. d4 exd4 47. Bxd4 Rc2 48. Bg7 h5 49. f4 a2 50. f5 Kc6 51. f6 Kb5 52. Ra8 Bc5 53. Kg3 Bxf2+ 54. Kh3 Bd4 55. Bh8 a1=Q 56. Rxa1 Bxa1 57. f7 Rf2 58. Bxa1 Rxf7 59. Kh4 Rf5 60. Bb2 Kc4 61. Bc1 Kd5 62. Bg5 Ke6 63. Kxh5 Kf7 64. h4 Kg7 65. Kg4 Rd5 66. Kh5 Kh7 67. Kg4 Kg6 68. h5+ Kg7 69. Bf4 Rb5 70. Bg5 Kf7 71. Bf4 Ke6 72. h6 Kf7 73. Bg5 Kg6 74. Bf4 Rb4 75. Kf3 Kf5 76. Be3 Rh4 77. Bd2 Rh3+ 78. Ke2 Ke4 79. Kf1 Kf3 80. Kg1 Rh5 81. Bc1 Rd5 0-1

[Event "January 2 Early 2024"]
[Site "https://www.chess.com"]
[Date "2024.01.02"]
[Round "3"]
[White "Kubicka, Anna"]
[Black "Anuj Shrivatri"]
[Result "0-1"]
[Board "84"]
[TimeControl "180+1"]
[WhiteFideId "1152254"]
[BlackFideId "35070924"]
[WhiteElo "2467"]
[BlackElo "2777"]
[WhiteTeam "POL"]
[BlackTeam "IND"]
[WhiteClock "0:00:00"]
[BlackClock "0:01:17"]

1. e4 c6 2. Nf3 d5 3. Nc3 dxe4 4. Nxe4 Nf6 5. Qe2 Nxe4 6. Qxe4 Qd5 7. Qh4 Qe6+ 8. Be2 Qg4 9. Qg3 Qxg3 10. hxg3 h6 11. d4 Bf5 12. c4 Nd7 13. Be3 e6 14. Rd1 Bb4+ 15. Bd2 Bxd2+ 16. Rxd2 Ke7 17. Bd3 Bxd3 18. Rxd3 Rhd8 19. Ke2 a5 20. Rhd1 Nb6 21. b3 a4 22. Ne5 f6 23. Ng6+ Kf7 24. Nf4 g5 25. Nh3 Kg6 26. g4 axb3 27. axb3 Ra2+ 28. R1d2 Ra3 29. f4 Nc8 30. g3 Nd6 31. Nf2 b5 32. c5 Nc8 33. b4 Ra4 34. Rb3 Ne7 35. Ne4 Nd5 36. fxg5 hxg5 37. Rdb2 Rh8 38. Kf3 Rh1 39. Nc3 Rf1+ 40. Ke2 Raa1 41. Nxd5 exd5 42. Re3 Rae1+ 43. Kd3 Rxe3+ 44. Kxe3 f5 45. Ke2 Rh1 46. Kf3 fxg4+ 47. Kxg4 Rd1 48. Re2 Rxd4+ 49. Kf3 g4+ 50. Kf2 Kf5 51. Re7 Rxb4 52. Rf7+ Ke5 53. Rg7 Rc4 54. Rg6 Rxc5 55. Rxg4 Rc2+ 56. Ke3 d4+ 57. Kf3 Rc3+ 58. Ke2 b4 59. Rg5+ Kd6 60. g4 b3 61. Rg8 c5 62. Rb8 c4 63. g5 Rg3 64. g6 Kc5 65. Rc8+ Kb4 66. Rc6 Kc3 67. Kf2 b2 0-1

[Event "January 2 Early 2024"]
[Site "https://www.chess.com"]
[Date "2024.01.02"]
[Round "3"]
[White "Dyulgerov, Volen"]
[Black "Korchmar, Vasiliy"]
[Result "0-1"]
[Board "85"]
[TimeControl "180+1"]
[WhiteFideId "2918978"]
[BlackFideId "24131750"]
[WhiteElo "2463"]
[BlackElo "2771"]
[WhiteTeam "BUL"]
[BlackTeam "RUS"]
[WhiteClock "0:00:01"]
[BlackClock "0:00:07"]

1. e4 c5 2. Nf3 d6 3. d4 cxd4 4. c3 dxc3 5. Bc4 Nc6 6. O-O e6 7. Nxc3 Nf6 8. b3 Be7 9. Bb2 O-O 10. Re1 a6 11. a4 b6 12. Re3 Ng4 13. Rd3 Nce5 14. Nxe5 Nxe5 15. Rg3 Bh4 16. Rh3 Bf6 17. Be2 Bb7 18. f4 Ng6 19. Qd2 Rc8 20. Rd1 b5 21. axb5 axb5 22. Bxb5 Bxc3 23. Rxc3 Bxe4 24. Qd4 Rxc3 25. Bxc3 e5 26. Qxe4 Qb6+ 27. Kh1 Qxb5 28. f5 Nf4 29. g3 Qxb3 30. Rc1 Nh3 31. Kg2 Ng5 32. Qg4 Qd5+ 33. Kg1 Nf3+ 34. Kf2 Nxh2 35. Qh5 Ra8 36. Bb2 Qd2+ 37. Kg1 Qxb2 38. Rd1 Ra2 39. f6 Qg2# 0-1

[Event "January 2 Early 2024"]
[Site "https://www.chess.com"]
[Date "2024.01.02"]
[Round "3"]
[White "Matinian, Nikita"]
[Black "Reprintsev, Alexander"]
[Result "1-0"]
[Board "86"]
[TimeControl "180+1"]
[WhiteFideId "24129100"]
[BlackFideId "14100541"]
[WhiteElo "2742"]
[BlackElo "2460"]
[WhiteTeam "FID"]
[BlackTeam "UKR"]
[WhiteClock "0:01:34"]
[BlackClock "0:01:45"]

1. e4 d5 2. exd5 Qxd5 3. Nc3 Qa5 4. d4 Nf6 5. Nf3 Nc6 6. Bb5 Ne4 7. O-O Nxc3 8. Bxc6+ bxc6 9. bxc3 Bf5 10. Qd2 e6 11. a4 Bd6 12. Qg5 O-O 13. c4 h6 14. Qh4 Rfe8 15. c5 Be7 16. Qg3 Kf8 17. Ne5 Qa6 18. Bxh6 Bf6 19. Nd7+ Ke7 20. Nxf6 1-0

[Event "January 2 Early 2024"]
[Site "https://www.chess.com"]
[Date "2024.01.02"]
[Round "3"]
[White "Beydullayeva, Govhar"]
[Black "Goltsev, Dmitry"]
[Result "0-1"]
[Board "87"]
[TimeControl "180+1"]
[WhiteFideId "13413015"]
[BlackFideId "24176710"]
[WhiteElo "2462"]
[BlackElo "2738"]
[WhiteTeam "AZE"]
[BlackTeam "RUS"]
[WhiteClock "0:00:00"]
[BlackClock "0:01:46"]

1. Nf3 d5 2. g3 Nf6 3. Bg2 g6 4. O-O Bg7 5. d4 O-O 6. c4 Nc6 7. Ne5 dxc4 8. Nxc6 bxc6 9. Bxc6 Rb8 10. Na3 Ng4 11. e3 e5 12. Nxc4 exd4 13. exd4 Bxd4 14. Bf4 Ba6 15. Qxg4 Bxc4 16. Rfd1 Qf6 17. Rac1 Bxf2+ 18. Kxf2 Rxb2+ 0-1

[Event "January 2 Early 2024"]
[Site "https://www.chess.com"]
[Date "2024.01.02"]
[Round "3"]
[White "Gruzman, Ilya"]
[Black "Zou, Chen"]
[Result "0-1"]
[Board "88"]
[TimeControl "180+1"]
[WhiteFideId "2812703"]
[BlackFideId "8610959"]
[WhiteElo "2457"]
[BlackElo "2734"]
[WhiteTeam "ISR"]
[BlackTeam "CHN"]
[WhiteClock "0:00:01"]
[BlackClock "0:00:15"]

1. d4 Nf6 2. c4 e6 3. Nf3 b6 4. g3 Bb7 5. Bg2 Be7 6. O-O O-O 7. Nc3 d5 8. Ne5 Nbd7 9. Qa4 Qe8 10. Nxd7 Nxd7 11. cxd5 exd5 12. Nxd5 Bd6 13. Nxc7 Bxc7 14. Bxb7 Rd8 15. Bf3 Ne5 16. Qxa7 Nxf3+ 17. exf3 Qc6 18. Qa3 Rxd4 19. Be3 Rd7 20. f4 Re8 21. Rac1 Qe6 22. Rfd1 Rxd1+ 23. Rxd1 h5 24. Qd3 Rd8 25. Qc2 Rxd1+ 26. Qxd1 Qxa2 27. Bd4 Qd5 28. Qd3 h4 29. h3 hxg3 30. fxg3 b5 31. Qe3 Qd7 32. Kh2 b4 33. b3 Qc6 34. h4 Qc2+ 35. Kh3 Qf5+ 36. Kg2 Qc2+ 37. Kf3 Qc6+ 38. Qe4 Qd7 39. h5 Bd6 40. g4 Bf8 41. h6 Qb5 42. h7+ Kh8 43. Qa8 Qd3+ 44. Be3 Qf1+ 45. Ke4 Qg2+ 0-1

[Event "January 2 Early 2024"]
[Site "https://www.chess.com"]
[Date "2024.01.02"]
[Round "3"]
[White "Gatterer, Florian"]
[Black "Manelyuk, Daniil"]
[Result "0-1"]
[Board "90"]
[TimeControl "180+1"]
[WhiteFideId "811688"]
[BlackFideId "44173920"]
[WhiteElo "2451"]
[BlackElo "2727"]
[WhiteTeam "ITA"]
[BlackTeam "RUS"]
[WhiteClock "0:00:00"]
[BlackClock "0:00:12"]

1. d4 Nf6 2. Bf4 c5 3. d5 g6 4. Nc3 Bg7 5. e4 O-O 6. e5 Ne8 7. Nf3 d6 8. h3 Nd7 9. exd6 exd6 10. Qd2 Qb6 11. Rb1 Nc7 12. Be2 Bxc3 13. Qxc3 Nxd5 14. Qd2 Nxf4 15. Qxf4 d5 16. O-O Qf6 17. Qc7 b6 18. Bb5 Qd8 19. Qf4 Bb7 20. c3 Nf6 21. Ng5 Nh5 22. Qd2 Qf6 23. Rbe1 Nf4 24. g3 Qxg5 25. Qxf4 Qxf4 26. gxf4 a6 27. Bd7 Rad8 28. Re7 d4 29. cxd4 cxd4 30. Rd1 Kg7 31. Rxd4 Bc8 32. Rd6 b5 33. b4 h6 34. f5 gxf5 35. f4 Bxd7 36. Rdxd7 Rxd7 37. Rxd7 Rc8 38. Rd2 Rc4 39. a3 Rc3 40. Ra2 Rf3 41. a4 Rxf4 42. axb5 axb5 43. Rb2 Rf3 44. Kg2 Rc3 45. Rb1 Kf6 46. Rb2 f4 47. Rd2 Rc4 48. Rd6+ Kg5 49. Rd5+ f5 50. Rd8 Rxb4 51. Rg8+ Kf6 52. Kf3 Rc4 53. Rf8+ Kg5 54. Rg8+ Kh4 55. Rg6 h5 56. Rf6 b4 57. Rxf5 b3 58. Rb5 Rc3+ 59. Kxf4 Rxh3 60. Rb4 Rc3 61. Kf5+ Kg3 62. Kg5 Kf3 63. Rf4+ Ke3 64. Rb4 Kd3 65. Kxh5 Kc2 66. Kg4 b2 67. Kf4 b1=Q 68. Rxb1 Kxb1 0-1

[Event "January 2 Early 2024"]
[Site "https://www.chess.com"]
[Date "2024.01.02"]
[Round "3"]
[White "Shinkarev, M"]
[Black "Syaputra, Arifa Rizki"]
[Result "0-1"]
[Board "91"]
[TimeControl "180+1"]
[WhiteFideId "4145348"]
[BlackFideId "7105100"]
[WhiteElo "2449"]
[BlackElo "2725"]
[WhiteTeam "RUS"]
[BlackTeam "INA"]
[WhiteClock "0:01:25"]
[BlackClock "0:00:40"]

1. c4 Nf6 2. g3 e5 3. Bg2 Nc6 4. Nc3 Bb4 5. Nd5 Bc5 6. e3 O-O 7. Ne2 Nxd5 8. cxd5 Ne7 9. O-O d6 10. d4 exd4 11. Nxd4 Nf5 12. Nb3 Bb6 13. a4 a5 14. e4 Ne7 15. Bd2 Bd7 16. Bc3 Ng6 17. Kh1 f5 18. exf5 Bxf5 19. Bd4 Ra6 20. Qd2 Qd7 21. Rfe1 Bh3 22. Bxb6 Bxg2+ 23. Kxg2 Rxb6 24. Nd4 Qg4 25. Kh1 Rb4 26. Ne6 Qf3+ 27. Kg1 Nh4 28. gxh4 Rg4+ 29. Kf1 Qg2+ 30. Ke2 Rxf2+ 31. Ke3 Qe4+ 32. Kxf2 Rg2+ 33. Kf1 Qf3+ 34. Qf2 Qxf2# 0-1

[Event "January 2 Early 2024"]
[Site "https://www.chess.com"]
[Date "2024.01.02"]
[Round "3"]
[White "Harshavardhan G B"]
[Black "Mohammadi, Melika"]
[Result "1/2-1/2"]
[Board "92"]
[TimeControl "180+1"]
[WhiteFideId "25059009"]
[BlackFideId "42529271"]
[WhiteElo "2709"]
[BlackElo "2448"]
[WhiteTeam "IND"]
[BlackTeam "IRI"]
[WhiteClock "0:00:19"]
[BlackClock "0:00:04"]

1. e4 e5 2. Nc3 Nf6 3. Bc4 Nxe4 4. Qh5 Nd6 5. Bb3 Be7 6. Nf3 Nc6 7. Nxe5 Nxe5 8. Qxe5 O-O 9. O-O Bf6 10. Qf4 Bg5 11. Qg3 Nf5 12. Qd3 d6 13. Ne4 Bh6 14. c3 c6 15. Bc2 d5 16. Ng3 g6 17. b3 Bg7 18. Bb2 Bd7 19. Rfe1 Qg5 20. Rad1 h5 21. Qf1 Nd6 22. f4 Qf6 23. d4 h4 24. Nh1 Bh6 25. g3 hxg3 26. hxg3 Bg4 27. Rd2 Rae8 28. Nf2 Rxe1 29. Qxe1 Re8 30. Qf1 Bf5 31. Nd3 Ne4 32. Re2 Kg7 33. Qf3 Qe6 34. Nf2 Qd7 35. g4 Nxf2 36. Rxe8 Qxe8 37. gxf5 Qe1+ 38. Kg2 Ne4 39. Bd3 Qd2+ 40. Qe2 Qxe2+ 41. Bxe2 Bxf4 42. fxg6 fxg6 43. c4 Be3 44. Bd3 Nd2 45. Bc3 Ne4 46. Bb2 Bd2 47. Kf3 Ng5+ 48. Ke2 Bf4 49. Ba3 Ne6 50. Bb2 Bg5 51. Bc2 Bf6 52. Kd3 g5 53. cxd5 cxd5 54. b4 g4 55. Bd1 g3 56. Bf3 g2 57. Bxg2 Nf4+ 58. Ke3 Nxg2+ 59. Kf3 Nh4+ 60. Kf4 Ng6+ 61. Kf5 Kf7 62. b5 Ne7+ 63. Kf4 Nc8 64. a4 Ke6 65. Ke3 Nd6 66. Kd3 Nc4 67. Bc3 Kd7 68. Bb4 Kc7 69. Bc5 b6 70. Bf8 Nb2+ 71. Kc2 Nxa4 72. Kb3 Bxd4 73. Kxa4 Bc5 74. Bg7 Kd7 75. Kb3 Ke6 76. Kc3 d4+ 77. Kd3 Kd5 78. Bh8 Kd6 79. Kc4 d3 80. Kxd3 Kd5 81. Bg7 Bd6 82. Bd4 Be5 83. Bf2 Bd6 84. Be3 Bc5 85. Bf4 Bg1 86. Bb8 Kc5 87. Bxa7 Kxb5 88. Bb8 Ka4 89. Bd6 b5 90. Kc2 Bb6 91. Be7 b4 92. Bxb4 1/2-1/2

[Event "January 2 Early 2024"]
[Site "https://www.chess.com"]
[Date "2024.01.02"]
[Round "3"]
[White "Micic, Aleksa"]
[Black "Mgeladze, Tamaz"]
[Result "0-1"]
[Board "93"]
[TimeControl "180+1"]
[WhiteFideId "989940"]
[BlackFideId "13601202"]
[WhiteElo "2442"]
[BlackElo "2703"]
[WhiteTeam "SRB"]
[BlackTeam "GEO"]
[WhiteClock "0:00:00"]
[BlackClock "0:01:46"]

1. e4 c5 2. Nc3 g6 3. d4 cxd4 4. Qxd4 Nf6 5. Be3 Nc6 6. Qd2 Bg7 7. f3 O-O 8. O-O-O d6 9. Nge2 Be6 10. Nf4 Qd7 11. Kb1 Rfc8 12. Nxe6 Qxe6 13. g4 Ne5 14. Be2 Nc4 15. Bxc4 Rxc4 16. Bd4 Rac8 17. h4 b5 18. Rh2 b4 19. Ne2 Rxc2 20. Qxc2 Rxc2 21. Kxc2 Qxa2 22. Nc1 Qc4+ 23. Kb1 b3 24. Bc3 a5 25. Rhd2 a4 26. Rd4 Qb5 27. Rb4 Qc6 28. e5 Qxf3 29. exf6 Qxd1 0-1

[Event "January 2 Early 2024"]
[Site "https://www.chess.com"]
[Date "2024.01.02"]
[Round "3"]
[White "Gritsenko, Nikolai"]
[Black "Goldin, Roman"]
[Result "1-0"]
[Board "94"]
[TimeControl "180+1"]
[WhiteFideId "14112493"]
[BlackFideId "2803860"]
[WhiteElo "2689"]
[BlackElo "2439"]
[WhiteTeam "UKR"]
[BlackTeam "ISR"]
[WhiteClock "0:00:37"]
[BlackClock "0:00:01"]

1. d4 Nf6 2. Bg5 d5 3. Nd2 e6 4. e3 c5 5. c3 Nc6 6. f4 Be7 7. Bd3 Nd7 8. Ngf3 f6 9. Bh4 e5 10. Nxe5 fxe5 11. Qh5+ Kf8 12. Bxe7+ Qxe7 13. fxe5 Kg8 14. O-O g6 15. Bxg6 hxg6 16. Qxg6+ Qg7 17. Qe6+ Kh7 18. Rf7 Ndxe5 19. Rxg7+ Kxg7 20. Qxd5 Ng4 21. Qg5+ Kh7 22. Rf1 Be6 23. Rf3 Nh6 24. Rf6 1-0

[Event "January 2 Early 2024"]
[Site "https://www.chess.com"]
[Date "2024.01.02"]
[Round "3"]
[White "Jovic, Stanoje"]
[Black "Mindlin, Alon"]
[Result "0-1"]
[Board "95"]
[TimeControl "180+1"]
[WhiteFideId "905020"]
[BlackFideId "2800071"]
[WhiteElo "2436"]
[BlackElo "2687"]
[WhiteTeam "SRB"]
[BlackTeam "ISR"]
[WhiteClock "0:00:00"]
[BlackClock "0:01:28"]

1. c4 Nf6 2. g3 c6 3. Bg2 d5 4. cxd5 cxd5 5. Nf3 Nc6 6. d4 g6 7. O-O Bg7 8. Nc3 O-O 9. Ne5 e6 10. f4 Ne7 11. b3 Nf5 12. Qd3 b6 13. a4 a5 14. Ba3 Ba6 15. Nb5 Re8 16. Rac1 Rc8 17. Nc6 Qd7 18. Ne5 Qb7 19. Bf3 Ne4 20. Kg2 h5 21. e3 Rxc1 22. Rxc1 Rc8 23. Rxc8+ Qxc8 24. Bxe4 dxe4 25. Qd2 Qc2 26. Qxc2 Nxe3+ 27. Kf2 Nxc2 28. Bb2 Bb7 29. Nd7 Bd5 30. Nxb6 Bxb3 31. Bc3 h4 32. gxh4 Bf6 33. Bxa5 Nxd4 34. Nxd4 Bxd4+ 35. Ke2 Kh7 0-1

[Event "January 2 Early 2024"]
[Site "https://www.chess.com"]
[Date "2024.01.02"]
[Round "3"]
[White "Weetik, Vjacheslav"]
[Black "Gabdushev, Ruslan"]
[Result "1-0"]
[Board "96"]
[TimeControl "180+1"]
[WhiteFideId "4153472"]
[BlackFideId "4137833"]
[WhiteElo "2675"]
[BlackElo "2436"]
[WhiteTeam "RUS"]
[BlackTeam "RUS"]
[WhiteClock "0:00:11"]
[BlackClock "0:00:00"]

1. d4 Nc6 2. Nf3 d6 3. e4 Bg4 4. Bb5 a6 5. Bxc6+ bxc6 6. Nbd2 e6 7. Nf1 Nf6 8. Ng3 d5 9. h3 Bxf3 10. Qxf3 Be7 11. O-O Qb8 12. b3 Qb6 13. Be3 a5 14. c4 a4 15. Rab1 axb3 16. axb3 O-O 17. Rfe1 Ra3 18. Bc1 Ra2 19. Bg5 h6 20. Be3 Rd8 21. e5 Nd7 22. Qg4 Kh7 23. Nh5 g6 24. Qf4 Kg8 25. Nf6+ Nxf6 26. exf6 Bf8 27. Qh4 Kh7 28. Qf4 Rda8 29. h4 dxc4 30. bxc4 Rb2 31. Rxb2 Qxb2 32. Qxc7 Kg8 33. Qxc6 Ra1 34. Rxa1 Qxa1+ 35. Kh2 Qa5 36. Qe8 1-0

[Event "January 2 Early 2024"]
[Site "https://www.chess.com"]
[Date "2024.01.02"]
[Round "3"]
[White "Bashirli, Saadat"]
[Black "Gullaksen, Eirik"]
[Result "0-1"]
[Board "97"]
[TimeControl "180+1"]
[WhiteFideId "13429990"]
[BlackFideId "1500945"]
[WhiteElo "2433"]
[BlackElo "2674"]
[WhiteTeam "AZE"]
[BlackTeam "NOR"]
[WhiteClock "0:00:03"]
[BlackClock "0:01:04"]

1. d4 Nf6 2. e3 g6 3. Bd3 Bg7 4. f4 O-O 5. Nf3 d6 6. O-O Nc6 7. c3 e5 8. Nbd2 Qe7 9. e4 exd4 10. cxd4 Nh5 11. Nb3 Bg4 12. d5 Nd4 13. Nbxd4 Bxd4+ 14. Kh1 Bg7 15. h3 Ng3+ 16. Kg1 Bd4+ 17. Rf2 Bxf2+ 18. Kxf2 Bxf3 19. Qxf3 Nh5 20. Bd2 f5 21. exf5 Qf7 22. fxg6 hxg6 23. g3 Rae8 24. Rc1 Re7 25. Qg4 Nf6 26. Qxg6+ Qxg6 27. Bxg6 Nxd5 28. Bd3 Nf6 29. g4 c6 30. Kf3 Rfe8 31. h4 Ne4 32. Be3 d5 33. g5 Nxg5+ 34. Kg4 Rxe3 35. Bg6 Nf7 36. Kf5 Kg7 37. Rg1 Re1 38. Bxf7+ Kxf7 39. Rg5 Rh8 40. h5 Re2 41. Kg4 Rxb2 42. Rf5+ Ke6 43. Re5+ Kd6 44. Kg5 Rg2+ 45. Kf6 Rh2 46. Kg6 d4 47. Rf5 R2xh5 48. Rxh5 Rxh5 49. Kxh5 Ke7 50. Kg6 Kf8 51. Kf5 d3 52. Ke4 d2 0-1

[Event "January 2 Early 2024"]
[Site "https://www.chess.com"]
[Date "2024.01.02"]
[Round "3"]
[White "Hamitevici, Vladimir"]
[Black "Vallejo Diaz, Javier"]
[Result "1/2-1/2"]
[Board "98"]
[TimeControl "180+1"]
[WhiteFideId "13902393"]
[BlackFideId "2256398"]
[WhiteElo "2674"]
[BlackElo "2433"]
[WhiteTeam "MDA"]
[BlackTeam "ESP"]
[WhiteClock "0:00:06"]
[BlackClock "0:00:11"]

1. c4 e5 2. d3 Nc6 3. a3 a5 4. e3 g6 5. Nc3 Bg7 6. Nf3 d6 7. Be2 f5 8. Rb1 Nf6 9. b4 axb4 10. axb4 O-O 11. b5 Ne7 12. O-O h6 13. Nd2 g5 14. d4 Ng6 15. Qc2 Qe8 16. c5 exd4 17. exd4 Nf4 18. Bc4+ d5 19. Bb3 c6 20. Nf3 Ne4 21. Bxf4 gxf4 22. bxc6 bxc6 23. Nxd5 cxd5 24. Bxd5+ Be6 25. Bxa8 Qxa8 26. c6 Rc8 27. Rfc1 Rc7 28. Ne5 Bxe5 29. dxe5 f3 30. gxf3 Ng5 31. Kg2 Qe8 32. f4 Bd5+ 33. Kf1 Ne4 34. Qb2 Bxc6 35. Qb6 Bb5+ 36. Ke1 Rg7 37. Qxb5 Rg1+ 38. Ke2 Qxb5+ 39. Rxb5 Rxc1 40. Rb6 Kg7 41. e6 Rc2+ 42. Ke3 Rxf2 43. e7 Kf7 44. Re6 Ke8 45. Rxe4 Rxh2 46. Re5 Rh3+ 47. Kd4 Rf3 48. Rxf5 Kxe7 49. Ke4 Ra3 50. Rh5 Ra4+ 51. Kf3 Ra6 52. Kg4 Kf7 1/2-1/2

[Event "January 2 Early 2024"]
[Site "https://www.chess.com"]
[Date "2024.01.02"]
[Round "3"]
[White "Bolat, Inayat"]
[Black "Vlassov, Nikolai"]
[Result "1-0"]
[Board "99"]
[TimeControl "180+1"]
[WhiteFideId "13733125"]
[BlackFideId "4103360"]
[WhiteElo "2426"]
[BlackElo "2673"]
[WhiteTeam "KAZ"]
[BlackTeam "FID"]
[WhiteClock "0:00:01"]
[BlackClock "0:00:00"]

1. e4 Nc6 2. Nf3 d5 3. exd5 Qxd5 4. Nc3 Qa5 5. Bb5 Bd7 6. O-O a6 7. b4 Qxb4 8. Rb1 Qa5 9. Bc4 b5 10. Bb3 Nf6 11. d4 b4 12. Na4 e6 13. Bf4 Bd6 14. Bxd6 cxd6 15. Nb2 O-O 16. Nd3 Ne4 17. Qe1 Nc3 18. Rc1 Qf5 19. Nxb4 Nxb4 20. Qxc3 a5 21. a3 Nc6 22. Qd2 d5 23. c4 dxc4 24. Bxc4 Ne7 25. Bd3 Qf6 26. Ne5 Rfd8 27. Rc7 Be8 28. Be4 Rac8 29. Rxc8 Rxc8 30. Qxa5 Qf4 31. Re1 f6 32. g3 Qg5 33. f4 Qh5 34. Qb6 fxe5 35. dxe5 Bc6 36. Bxc6 Nxc6 37. Qb7 Qe8 38. a4 Rb8 39. Qc7 Nb4 40. Qd6 Nd5 41. a5 Kf7 42. a6 Ra8 43. Ra1 Qe7 44. Qc6 Ra7 45. f5 Nc7 46. fxe6+ Nxe6 47. Rf1+ Kg8 48. Qc8+ Nf8 49. Qc4+ Kh8 50. h4 h6 51. e6 Nxe6 52. Qc8+ Kh7 53. Qc2+ g6 54. Kh2 Kg7 55. Qc4 Qd6 56. Qc3+ Kh7 57. Qc8 Rg7 58. Qc4 Qd2+ 59. Kh3 1-0

[Event "January 2 Early 2024"]
[Site "https://www.chess.com"]
[Date "2024.01.02"]
[Round "3"]
[White "Injac, Teodora"]
[Black "Omariev, Maksim"]
[Result "1-0"]
[Board "100"]
[TimeControl "180+1"]
[WhiteFideId "932400"]
[BlackFideId "4193423"]
[WhiteElo "2662"]
[BlackElo "2424"]
[WhiteTeam "SRB"]
[BlackTeam "RUS"]
[WhiteClock "0:01:20"]
[BlackClock "0:00:02"]

1. d4 d5 2. Nf3 Nf6 3. c4 c6 4. g3 g6 5. Bg2 Bg7 6. O-O O-O 7. Nbd2 Be6 8. b3 h6 9. Bb2 Nbd7 10. Rc1 a5 11. a4 Qb6 12. e3 dxc4 13. Nxc4 Qa6 14. Ba3 Nd5 15. Qd2 b5 16. Nce5 Nxe5 17. Nxe5 Bxe5 18. dxe5 Rfd8 19. e4 Nb4 20. Qxh6 Rd7 21. f4 Bxb3 22. e6 Qb6+ 23. Kh1 Rd2 24. f5 Rxg2 25. exf7+ Bxf7 26. fxg6 Rxh2+ 27. Kxh2 Be6 28. Qh7# 1-0

[Event "January 2 Early 2024"]
[Site "https://www.chess.com"]
[Date "2024.01.02"]
[Round "3"]
[White "Sztokbant, Bernardo Vainzoff"]
[Black "Guerra Tulcan, Lenin"]
[Result "1-0"]
[Board "101"]
[TimeControl "180+1"]
[WhiteFideId "2115956"]
[BlackFideId "3601382"]
[WhiteElo "2421"]
[BlackElo "2661"]
[WhiteTeam "BRA"]
[BlackTeam "ECU"]
[WhiteClock "0:00:11"]
[BlackClock "0:01:13"]

1. c4 e5 2. Nc3 Bc5 3. g3 d6 4. Bg2 a6 5. Nf3 Nf6 6. O-O O-O 7. d4 exd4 8. Nxd4 Re8 9. b3 Nbd7 10. Bb2 Nf8 11. Qd2 Rb8 12. Rfd1 Ne6 13. Na4 Ba7 14. Rac1 Bd7 15. Nxe6 Bxe6 16. c5 dxc5 17. Qxd8 Rexd8 18. Rxd8+ Rxd8 19. Bxf6 gxf6 20. Bxb7 Rd2 21. Bxa6 Rxa2 22. Bc4 Bxc4 23. Rxc4 Rxe2 24. Nxc5 Rb2 25. b4 Kg7 26. Kg2 Bb6 27. Kf3 f5 28. h4 Kg6 29. Ke3 Kf6 30. Kf3 Kg6 31. Nd3 Rd2 32. Rc3 f6 33. Nf4+ Kf7 34. Ne2 Rb2 35. Rc4 Rxb4 36. Rxb4 Ke6 37. Rb1 Kd5 38. Nf4+ Kc4 39. Rc1+ Kd4 40. Re1 c5 41. Re6 Ba5 42. Rxf6 c4 43. Rxf5 c3 44. Ne2+ Kd3 45. Nxc3 Bxc3 46. Rf7 h6 47. Kg4 Bd2 48. Rd7+ Ke2 49. Rxd2+ Kxd2 50. Kh5 Ke2 51. Kxh6 Kf3 52. Kg5 Kxf2 53. h5 Kxg3 54. h6 1-0